 Dungeon Crawl Stone Soup version 0.24-a0-487-g57318f2ed0 (webtiles) character file.

Game seed: 18270132018586929631

170 KapersCrawl the Grasshopper (level 5, -4/43 HPs)
             Began as a Gnoll Warper on July 11, 2019.
             Killed by divine providence
             ... invoked by an orc priest
              (16 damage)
             ... on level 3 of the Dungeon.
             The game lasted 00:06:09 (1810 turns).

KapersCrawl the Grasshopper (Gnoll Warper)          Turns: 1810, Time: 00:06:09

Health: -4/43      AC: 12    Str: 14    XL:     5   Next: 51%
Magic:  12/12      EV:  5    Int: 18    God:
Gold:   79         SH:  0    Dex: 15    Spells: 14/14 levels left

rFire    . . .     SeeInvis .   q - +0 hand axe
rCold    . . .     Gourm    .   (no shield)
rNeg     . . .     Faith    .   j - +1 plate armour
rPois    .         Spirit   .   (no helmet)
rElec    .         Reflect  .   (no cloak)
rCorr    .         Harm     .   (no gloves)
MR       .....                  (no boots)
Stlth    ..........             (no amulet)
HPRegen  0.14/turn              a - +3 ring of intelligence
MPRegen  0.13/turn              (no ring)

@: very slightly contaminated
A: distributed training, fangs 1, strong nose
a: no special abilities


You were on level 3 of the Dungeon.
You were not hungry.

You visited 1 branch of the dungeon, and saw 3 of its levels.

You collected 79 gold pieces.

Inventory:

Hand Weapons
 b - a +2 short sword of venom
 q - a +0 hand axe (weapon)
 w - a +0 hunting sling
Missiles
 e - 4 boomerangs of dispersal
 h - 58 sling bullets
 i - 76 stones (quivered)
 o - a throwing net
Armour
 j - a +1 plate armour (worn)
Jewellery
 a - a +3 ring of intelligence (left hand)
Scrolls
 k - a scroll of fog {unknown}
 l - a scroll of remove curse {unknown}
 m - a scroll of enchant armour
Potions
 n - a potion of agility {unknown}
 p - a potion of curing {unknown}
 r - 2 potions of mutation
 s - a potion of ambrosia
 t - a potion of heal wounds {unknown}
 u - a potion of degeneration {unknown}
Comestibles
 f - 6 rations
 g - a chunk of flesh


   Skills:
 + Level 4.8 Fighting
 + Level 1.4 Short Blades
 + Level 1.4 Long Blades
 + Level 4.8 Axes
 + Level 1.4 Maces & Flails
 + Level 1.4 Polearms
 + Level 1.4 Staves
 + Level 1.4 Slings
 + Level 1.4 Bows
 + Level 1.4 Crossbows
 + Level 3.0 Throwing
 + Level 3.0 Armour
 + Level 4.8 Dodging
 + Level 1.4 Stealth
 + Level 1.4 Shields
 + Level 1.4 Unarmed Combat
 + Level 5.2 Spellcasting
 + Level 1.1 Conjurations
 + Level 1.1 Hexes
 + Level 1.1 Charms
 + Level 1.1 Summonings
 + Level 1.1 Necromancy
 + Level 5.5 Translocations
 + Level 1.1 Transmutations
 + Level 1.1 Fire Magic
 + Level 1.1 Ice Magic
 + Level 1.1 Air Magic
 + Level 1.1 Earth Magic
 + Level 1.1 Poison Magic
 + Level 1.6 Invocations
 + Level 1.4 Evocations


You had 14 spell levels left.
You didn't know any spells.
Your spell library contained the following spells:

 Spells                   Type           Power        Failure   Level  Hunger
 Blink                    Tloc           N/A          90%         2    #......
 Shroud of Golubria       Chrm/Tloc      ###...       99%         2    #......
 Gell's Gravitas          Tloc           ###.......   99%         3    ##.....
 Lesser Beckoning         Tloc           ###.......   99%         3    ##.....
 Teleport Other           Tloc           ###.....     99%         3    ##.....
 Passage of Golubria      Tloc           N/A          100%        4    ####...


Dungeon Overview and Level Annotations

Branches:
Dungeon (3/15)

Altars:
Fedhas
Yredelemnul


Innate Abilities, Weirdness & Mutations

Your experience applies equally to all skills.
You have very sharp teeth.
Your uncanny sense of smell can sniff out nearby items.


Message History

You barely resist.
Unknown command.
Blink to where?
Press: ? - help, Dir - move target cursor, p - orc You are very lightly contaminated with residual magic.
As you read the scroll of blinking, it crumbles to dust.
The orc priest looks braver for a moment.
Found 5 gold pieces.
You see here a sling bullet.
The bat hits you but does no damage.
You see here a stone.
The bat hits you but does no damage. The bat closely misses you.
You hit the bat but do no damage. The bat barely misses you.
The bat hits you but does no damage.
You hit the bat.
You kill the bat!
The orc priest mumbles some strange prayers to Beogh against you.
Beogh smites you!
You die...

###+#
#.......##.#(##'####
....
#.......##((.(.'..##
..#
#........(.≈≈≈.....#
.##
#......o.≈≈≈≈≈≈≈...#
.<#
#......o≈o≈≈≈≈≈≈≈..#
#'#
#.....o†≈≈≈≈≈≈≈≈≈≈.#
...
#......≈≈≈≈.P♣≈≈≈≈..#
....
#.....≈≈≈≈P..P.≈≈≈≈.#
....#
#...$@≈≈≈≈>P_♣<≈≈≈≈.#
....#
###.#.≈≈≈≈P♣♣$.≈≈≈≈.#
.####
#.#..≈≈≈≈..P≈≈≈≈..# #
#.##.≈≈≈≈≈≈≈ .
#..≈≈≈≈≈≈ . #..≈≈≈≈ ∆
#...≈≈ #....


You could see 2 orc priests and 2 orcs.

Vanquished Creatures
  Natasha (thrice) (D:2)
  3 adders
  2 worms (D:2)
  2 dart slugs
  3 leopard geckos
  An orc (D:3)
  A ball python (D:3)
  4 bats
  3 giant cockroaches
  5 goblins
  5 hobgoblins
  6 jackals
  2 quokkas (D:2)
  4 frilled lizards
  5 kobolds
  6 rats
55 creatures vanquished.

Notes
Turn   | Place    | Note
-------+----------+-------------------------------------------
     0 | D:1      | KapersCrawl the Gnoll Warper began the quest for the Orb.
     0 | D:1      | Reached XP level 1. HP: 20/20 MP: 6/6
   119 | D:1      | Reached XP level 2. HP: 25/26 MP: 7/7
   498 | D:1      | Reached XP level 3. HP: 31/31 MP: 9/9
   548 | D:2      | Noticed Natasha
   630 | D:1      | Reached skill level 5 in Spellcasting
   736 | D:2      | Found a basalt altar of Yredelemnul.
   753 | D:2      | Killed Natasha
   753 | D:2      | Reached skill level 1 in Short Blades
   753 | D:2      | Reached skill level 1 in Long Blades
   753 | D:2      | Reached skill level 1 in Maces & Flails
   753 | D:2      | Reached skill level 1 in Polearms
   753 | D:2      | Reached skill level 1 in Staves
   753 | D:2      | Reached skill level 1 in Slings
   753 | D:2      | Reached skill level 1 in Bows
   753 | D:2      | Reached skill level 1 in Crossbows
   753 | D:2      | Reached skill level 1 in Stealth
   753 | D:2      | Reached skill level 1 in Shields
   753 | D:2      | Reached skill level 1 in Unarmed Combat
   753 | D:2      | Reached skill level 1 in Invocations
   753 | D:2      | Reached skill level 1 in Evocations
   753 | D:2      | Reached XP level 4. HP: 27/38 MP: 11/11
   877 | D:2      | Noticed Natasha
   884 | D:2      | Killed Natasha
   961 | D:2      | Reached skill level 1 in Conjurations
   961 | D:2      | Reached skill level 1 in Hexes
   961 | D:2      | Reached skill level 1 in Charms
   961 | D:2      | Reached skill level 1 in Summonings
   961 | D:2      | Reached skill level 1 in Necromancy
   961 | D:2      | Reached skill level 1 in Transmutations
   961 | D:2      | Reached skill level 1 in Fire Magic
   961 | D:2      | Reached skill level 1 in Ice Magic
   961 | D:2      | Reached skill level 1 in Air Magic
   961 | D:2      | Reached skill level 1 in Earth Magic
   961 | D:2      | Reached skill level 1 in Poison Magic
  1200 | D:2      | Reached XP level 5. HP: 43/43 MP: 12/12
  1261 | D:2      | Noticed Natasha
  1284 | D:2      | Killed Natasha
  1760 | D:3      | Found a blossoming altar of Fedhas.
  1810 | D:3      | Killed from afar by an orc priest

Levels and vault maps discovered:
D:1:      elethiomel_arrival_shortcut, layout_rooms
D:2:      layout_loops_ring, nicolae_overflow_hidden_temple, serial_rivers,
          chequers_serial_rivers_micro_b, chequers_serial_rivers_micro_b,
          chequers_serial_rivers_micro_d, chequers_serial_rivers_small_b,
          uniq_natasha
D:3:      minmay_diamond_boxcup, layout_basic, fedhas_ov_isle_minmay,
          lemuel_doored_altar, serial_corexii_hall, corexii_hall_statues_l,
          corexii_hall_statues_deadend, chequers_hall_statues_corner_a,
          uniq_robin

Skill      XL: |  1  2  3  4  5 |
---------------+----------------+-----
Spellcasting   | 5 |  5.2
Short Blades   | 1 |  1.4
Long Blades    | 1 |  1.4
Maces & Flails | 1 |  1.4
Polearms       | 1 |  1.4
Staves         | 1 |  1.4
Slings         | 1 |  1.4
Bows           | 1 |  1.4
Crossbows      | 1 |  1.4
Stealth        | 1 |  1.4
Shields        | 1 |  1.4
Unarmed Combat | 1 |  1.4
Invocations    | 1 |  1.6
Evocations     | 1 |  1.4
Conjurations   | 1 |  1.1
Hexes          | 1 |  1.1
Charms         | 1 |  1.1
Summonings     | 1 |  1.1
Necromancy     | 1 |  1.1
Transmutations | 1 |  1.1
Fire Magic     | 1 |  1.1
Ice Magic      | 1 |  1.1
Air Magic      | 1 |  1.1
Earth Magic    | 1 |  1.1
Poison Magic   | 1 |  1.1
Throwing       | 3 |  3.0
Armour         | 3 |  3.0
Fighting       | |  4.8
Axes           | |  4.8
Dodging        | |  4.8
Translocations | |  5.5

Action                   |  1- 3 |  4- 6 || total
-------------------------+-------+-------++-------
Melee: Hand axe          |    68 |    41 ||   109
       Bite              |     2 |     3 ||     5
 Fire: Hunting sling     |    12 |   100 ||   112
Throw: Stone             |       |     1 ||     1
       Boomerang         |       |     1 ||     1
  Use: Potion            |     1 |     1 ||     2
       Scroll            |       |     4 ||     4
  Eat: Chunk             |       |     3 ||     3
Armor: Plate armour      |    66 |    70 ||   136
Dodge: Dodged            |    27 |    33 ||    60

Table legend:
 A = Non-vault XP
 B = Vault XP
 C = Vault XP percentage of total XP
 D = Non-vault monster count
 E = Vault monster count
 F = Vault count percentage of total count
                 A         B        C        D         E       F
            +---------+---------+-------+---------+---------+-------
      Total |     207 |      37 |  15.2 |      54 |       1 |   1.8
            +---------+---------+-------+---------+---------+-------
        D:1 |      50 |       0 |   0.0 |      22 |       0 |   0.0
        D:2 |     137 |      37 |  21.3 |      27 |       1 |   3.6
        D:3 |      20 |       0 |   0.0 |       5 |       0 |   0.0
            +---------+---------+-------+---------+---------+-------
